 Dungeon Crawl Stone Soup version 0.16-a0-4111-gf762223 (webtiles) character file.

32097 dithyrambik the Summoner (level 14, 0/98 HPs)
             Began as a Formicid Wizard on Feb 25, 2015.
             Was a High Priest of Sif Muna.
             Engulfed by a cloud of noxious fumes (1 damage)
             ... on level 7 of the Lair of Beasts on Feb 26, 2015.
             The game lasted 04:21:51 (24586 turns).

dithyrambik the Summoner (Formicid Wizard)         Turns: 24586, Time: 04:21:51

Health: 0/98       AC: 12    Str: 15    XL:     14   Next: 0%
Magic:  34/40      EV: 12    Int: 26    God:    Sif Muna [*****.]
Gold:   1032       SH:  0    Dex:  9    Spells: 9 memorised, 3 levels left

rFire  . . .     SeeInvis +     h - +2 glaive (chop)
rCold  . . .     Clarity  .     N - +2 ring mail of the Hall of Blades {rElec Regen+ MP+9}
rNeg   + . .     SustAb   .     L - +2 buckler of Polytheism {rN+ Str+3 SInv}
rPois  .         Gourm    .     (helmet unavailable)
rElec  +         Spirit   .     r - +0 cloak
rCorr  .         Warding  .     q - +0 pair of gloves
rMut   .         Stasis   +     j - +0 pair of boots
MR     +....                    y - amulet of faith
Stlth  ..........               J - ring of wizardry
                                o - +3 ring of intelligence

@: confused, very slightly contaminated, invisible, somewhat resistant to
hostile enchantments, extremely unstealthy
A: permanent stasis, dig shafts and tunnels, four strong arms, antennae 3
a: Dig, Shaft Self, Channel Energy, Forget Spell, Renounce Religion


You were on level 7 of the Lair of Beasts.
You worshipped Sif Muna.
Sif Muna was extremely pleased with you.
You were not hungry.

You visited 3 branches of the dungeon, and saw 17 of its levels.
You also visited: Ice Cave.

You collected 1166 gold pieces.
You spent 134 gold pieces at shops.

Inventory:

Hand weapons
 h - a +2 glaive of chopping (weapon)
 F - the +11 mace of Pixtexaq {flame, rElec Dex+2}
   (You found it on level 5 of the Dungeon)

   It has been specially enchanted to burn those struck by it, causing extra
   injury to most foes and up to half again as much damage against particularly
   susceptible opponents.
   It affects your dexterity (+2).
   It insulates you from electricity.
 I - a +1 flail of protection
Armour
 j - a +0 pair of boots (worn)
 q - a +0 pair of gloves (worn)
 r - a +0 cloak (worn)
 G - a cursed +0 leather armour
 L - the +2 buckler of Polytheism (worn) {rN+ Str+3 SInv}
   (You found it in an ice cave)

   It affects your strength (+3).
   It protects you from negative energy.
   It enhances your eyesight.
 N - the +2 ring mail of the Hall of Blades (worn) {rElec Regen+ MP+9}
   (You found it on level 6 of the Dungeon)

   It insulates you from electricity.
   It affects your magic capacity (+9).
   It increases your rate of regeneration.
Magical staves
 k - an uncursed staff of power
Jewellery
 o - a +3 ring of intelligence (left hand)
 y - an amulet of faith (around neck)
 J - a ring of wizardry (right hand)
 V - an uncursed ring of flight
Magical devices
 b - a wand of confusion (12)
 f - a wand of fire (2)
 n - a wand of flame (28)
 p - a wand of polymorph (10)
 u - a wand of magic darts (20)
 v - a wand of magic darts (18)
 B - a wand of cold (5)
 Q - a wand of cold (5)
Scrolls
 a - a scroll of recharging
 x - 7 scrolls of remove curse
 K - a scroll of enchant armour
Potions
 e - 2 potions of flight
 i - a potion of magic
 s - 2 potions of cancellation
 t - a potion of brilliance
 z - 3 potions of agility
 A - 2 potions of invisibility
 D - 6 potions of curing
 Y - a potion of degeneration
 Z - 3 potions of heal wounds
Books
 c - a book of Minor Magic

   Spells                             Type                      Level
   a - Magic Dart                     Conjuration                  1
   b - Blink                          Translocation                2
   c - Call Imp                       Summoning                    2
   d - Repel Missiles                 Charms/Air                   2
   e - Slow                           Hexes                        2
   f - Conjure Flame                  Conjuration/Fire             3
   g - Mephitic Cloud                 Conjuration/Poison/Air       3
 l - a book of Spatial Translocations

   Spells                             Type                      Level
   a - Apportation                    Translocation                1
   b - Blink                          Translocation                2
   c - Shroud of Golubria             Charms/Translocation         2
   d - Portal Projectile              Translocation                3
   e - Teleport Other                 Translocation                3
   f - Passage of Golubria            Translocation                4
 C - a book of Power

   Spells                             Type                      Level
   a - Fulminant Prism                Conjuration/Hexes            4
   b - Iskenderun's Mystic Blast      Conjuration                  4
   c - Venom Bolt                     Conjuration/Poison           5
   d - Bolt of Magma                  Conjuration/Fire/Earth       5
   e - Iron Shot                      Conjuration/Earth            6
   f - Orb of Destruction             Conjuration                  7
   g - Spellforged Servitor           Conjuration/Summoning        7
 M - a book of Ice

   Spells                             Type                      Level
   a - Ice Form                       Ice/Transmutation            4
   b - Metabolic Englaciation         Hexes/Ice                    5
   c - Ozocubu's Refrigeration        Ice                          6
   d - Bolt of Cold                   Conjuration/Ice              6
   e - Freezing Cloud                 Conjuration/Ice/Air          6
   f - Simulacrum                     Ice/Necromancy               6
 P - a book of Burglary

   Spells                             Type                      Level
   a - Swiftness                      Charms/Air                   2
   b - Passwall                       Transmutation/Earth          3
   c - Passage of Golubria            Translocation                4
   d - Lee's Rapid Deconstruction     Earth                        5
   e - Invisibility                   Hexes                        6
   f - Darkness                       Hexes                        7
Miscellaneous
 m - a phantom mirror
Comestibles
 d - 7 bread rations
 w - 29 fruits
 E - 3 meat rations


   Skills:
 - Level 5.3 Fighting
 - Level 5.0 Maces & Flails
 - Level 3.3 Polearms
 - Level 7.1 Armour
 - Level 5.0 Dodging
 - Level 2.4 Stealth
 - Level 3.0 Shields
 - Level 8.4 Spellcasting
 + Level 7.7 Conjurations
 - Level 10.0 Hexes
 + Level 1.2 Charms
 - Level 10.5 Summonings
 + Level 2.7 Translocations
 - Level 2.1 Poison Magic
 - Level 5.2 Invocations
 - Level 10.0 Evocations


You had 3 spell levels left.
You knew the following spells:

 Your Spells              Type           Power        Failure   Level  Hunger
a - Magic Dart            Conj           ####         1%          1    None
b - Call Imp              Summ           ######..     1%          2    None
c - Mephitic Cloud        Conj/Pois/Air  ####....     4%          3    None
d - Repel Missiles        Chrm/Air       ##....       6%          2    None
e - Swiftness             Chrm/Air       ##......     6%          2    None
f - Iskenderun's Mystic   Conj           ######..     1%          4    ##.....
g - Passage of Golubria   Tloc           N/A          14%         4    ##.....
i - Shroud of Golubria    Chrm/Tloc      ###.......   3%          2    None
j - Invisibility          Hex            ######..     10%         6    ######.


Dungeon Overview and Level Annotations

Branches:
Dungeon (9/15)             Temple (1/1) D:6            Lair (7/8) D:9
  Swamp (0/5) Lair:6        Snake (0/5) Lair:5
  Slime: Lair:6-8       Orc: D:9-12

Altars:
Ashenzari
Cheibriados
Dithmenos
Elyvilon
Fedhas
Gozag
Kikubaaqudgha
Makhleb
Nemelex Xobeh
Okawaru
Qazlal
Ru
Sif Muna
Trog
Vehumet
Xom
Yredelemnul
Zin
The Shining One

Shops:
D:5 ??:

Annotations:
Lair:7 Rupert


Innate Abilities, Weirdness & Mutations

You are under a permanent stasis effect.
You can dig through walls and to a lower floor.
Your four strong arms can wield two-handed weapons with a shield.
You have a pair of large antennae on your head (SInv).


Message History

Rupert is lightly wounded.
Rupert hits you with a great mace of holy wrath!!
Rupert hits you with a great mace of holy wrath!
Rupert hits you with a great mace of holy wrath!!
* * * LOW HITPOINT WARNING * * *
Rupert misses you.
Rupert hits you with a great mace of holy wrath!
* * * LOW HITPOINT WARNING * * *
Casting: Invisibility
Confirm with . or Enter, or press ? or * to list all spells.
Aiming: Mephitic Cloud
Press: ? - help, Shift-Dir - straight line, f/p - Rupert
Aim: Rupert, wielding a great mace of holy wrath and wearing a glowing chain mail (lightly wounded, berserk, fast, unusually strong) That beam is likely to hit you.
Continue anyway?
The ball explodes into a vile cloud!
The stinking cloud engulfs Rupert.
Rupert is lightly wounded.
The stinking cloud engulfs you!
You are engulfed in noxious fumes.
You choke on the stench!
You are confused.
You die...

## ##########.#
#....#.#..##### .
##...(........# #.
###............# ##.
#.#............# #..
#......§§......# .P
###...@@§...[..## ##.
##P...§§§(((.<.(# #.#
#........P.P....######.
#.....[...P[...........
###......P.P..#.#...#(P
####...PPP.########.. #
####..PP.P.### ###
#.#....#P.P....# #
##.......P.....###.


You could see Rupert (berserk).

Vanquished Creatures
  A frost giant (IceCv)
  A naga warrior (Lair:5)
  2 hydras
  A death yak (IceCv)
  A fire crab (Lair:7)
  The ghost of dadoka the Basher, an experienced DsFi of Okawaru (Lair:1)
  An unseen horror (D:8)
  An ice statue (IceCv)
  A griffon (Lair:3)
  A black mamba (Lair:4)
  6 komodo dragons
  4 spiny frogs
  4 fire drakes
  15 polar bears (IceCv)
  Prince Ribbit (D:6)
  4 blink frogs
  34 yaks
  2 basilisks
  A wyvern (D:8)
  5 hippogriffs
  2 steam dragons
  A vampire mosquito (D:6)
  Edmund (D:5)
  7 water moccasins
  A swamp worm (Lair:6)
  9 ice beasts
  3 porcupines
  41 wolves
  5 nagas (Lair:5)
  2 sky beasts (D:9)
  A black bear (Lair:4)
  2 orc warriors
  4 ogres
  A centaur (D:6)
  A necrophage (D:6)
  9 crocodiles
  3 big kobolds (D:9)
  13 giant frogs
  4 scorpions
  3 jellies
  2 killer bees (D:8)
  2 goliath beetles
  An electric eel (Lair:6)
  15 hounds
  4 orc wizards
  4 crimson imps
  A giant frog zombie (D:5)
  A giant frog skeleton (D:9)
  8 iguanas
  An iron imp (Lair:1)
  A quasit (D:6)
  3 orc priests
  4 worker ants
  11 sheep
  Ijyb (D:6)
  A hound zombie (D:6)
  7 adders
  21 river rats
  2 shadow imps
  4 white imps
  2 worms
  An adder skeleton (D:5)
  3 giant geckos
  16 orcs
  A bat skeleton (D:6)
  6 giant cockroaches
  12 goblins
  11 hobgoblins
  A ball python (D:4)
  13 bats
  A giant gecko skeleton (D:7)
  3 giant newts
  18 jackals
  20 kobolds
  10 quokkas
  A quokka zombie (D:9)
  10 rats
  A ballistomycete (D:8)
  5 fungi (D:7)
429 creatures vanquished.

Vanquished Creatures (collateral kills)
  2 blink frogs (Lair:3)
  2 wolves (Lair:3)
  A water moccasin (D:9)
  2 ogres
  2 crocodiles (Lair:1)
  Sigmund (D:7)
  A big kobold (D:8)
  2 giant frogs
  A scorpion (D:6)
  4 killer bees (D:8)
  A crimson imp (D:6)
  A hound (D:8)
  Crazy Yiuf (D:7)
  3 orc priests
  4 orc wizards
  3 worker ants
  4 adders
  A giant mite (D:7)
  2 river rats (Lair:3)
  4 worms (D:2)
  A giant gecko (D:7)
  16 orcs
  A goblin (D:4)
  3 hobgoblins
  5 jackals
  A quokka (Lair:3)
  A giant newt (D:3)
  7 kobolds
  An orc zombie (D:6)
  5 rats
83 creatures vanquished.

Vanquished Creatures (others)
  2 polar bears (IceCv)
  2 yaks (IceCv)
  2 wolves (IceCv)
  57 crimson imps
  17 iron imps
  54 white imps
  34 shadow imps
  An orc (D:9)
  A giant spore (D:8)
  A fungus (Lair:6)
  A plant (Lair:7)
172 creatures vanquished.

Grand Total: 684 creatures vanquished

Notes
Turn   | Place    | Note
--------------------------------------------------------------
     0 | D:1      | dithyrambik, the Formicid Wizard, began the quest for the Orb.
     0 | D:1      | Reached XP level 1. HP: 13/13 MP: 4/4
    96 | D:1      | Reached skill level 1 in Conjurations
   140 | D:1      | You fall through a shaft!
   576 | D:2      | Reached XP level 2. HP: 19/19 MP: 1/7
   762 | D:2      | Reached skill level 1 in Polearms
   858 | D:2      | Learned a level 2 spell: Call Imp
   894 | D:2      | Reached XP level 3. HP: 24/24 MP: 1/9
   899 | D:2      | Learned a level 3 spell: Mephitic Cloud
   902 | D:2      | Learned a level 2 spell: Repel Missiles
  1801 | D:2      | Reached skill level 1 in Poison Magic
  1982 | D:2      | Reached XP level 4. HP: 30/30 MP: 5/10
  2476 | D:3      | Noticed an ogre
  2487 | D:3      | Killed an ogre
  2487 | D:3      | Reached XP level 5. HP: 35/35 MP: 9/13
  2816 | D:3      | Found a radiant altar of Vehumet.
  3055 | D:3      | Found a shadowy altar of Dithmenos.
  3056 | D:3      | Found a sparkling altar of Nemelex Xobeh.
  3061 | D:3      | Found a shimmering altar of Xom.
  3666 | D:4      | Found a burning altar of Makhleb.
  3880 | D:4      | Reached XP level 6. HP: 41/41 MP: 9/15
  5317 | D:5      | Entered Level 5 of the Dungeon
  5496 | D:5      | Got a fine mace
  5497 | D:5      | Identified the +11 mace of Pixtexaq {flame, rElec Dex+2} (You found it on level 5 of the Dungeon)
  5551 | D:5      | Found Bla Klutt's Magic Scroll Boutique.
  5575 | D:5      | Bought a scroll of identify for 28 gold pieces
  5575 | D:5      | Bought a scroll of identify for 28 gold pieces
  5575 | D:5      | Bought 2 scrolls of identify for 56 gold pieces
  5579 | D:5      | Reached skill level 5 in Fighting
  5579 | D:5      | Reached skill level 5 in Armour
  5579 | D:5      | Reached skill level 5 in Dodging
  5579 | D:5      | Reached skill level 6 in Spellcasting
  5579 | D:5      | Reached skill level 5 in Summonings
  5579 | D:5      | Reached XP level 7. HP: 45/56 MP: 15/21
  5708 | D:5      | Found Lenuerub's Magic Scroll Emporium.
  5713 | D:5      | Bought a scroll of identify for 22 gold pieces
  5785 | D:5      | Reached skill level 5 in Maces & Flails
  6099 | D:5      | Found Bugyleot's Book Boutique.
  6193 | D:5      | Noticed Edmund
  6211 | D:5      | Killed Edmund
  6211 | D:5      | Reached XP level 8. HP: 62/62 MP: 15/23
  6421 | D:5      | Found a glowing golden altar of the Shining One.
  6807 | D:6      | Noticed Ijyb
  6816 | D:6      | Killed Ijyb
  6894 | D:6      | Found a staircase to the Ecumenical Temple.
  6923 | D:6      | Noticed Prince Ribbit
  6932 | Temple   | Entered the Ecumenical Temple
  7121 | D:6      | Got an amethyst-encrusted ring mail
  7142 | D:5      | Identified the +2 ring mail of the Hall of Blades {rElec Regen+ MP+9} (You found it on level 6 of the Dungeon)
  7348 | D:6      | Killed Prince Ribbit
  7348 | D:6      | Reached skill level 5 in Conjurations
  7486 | D:6      | Found a stormy altar of Qazlal.
  7813 | D:6      | Reached XP level 9. HP: 57/68 MP: 22/24
  8031 | D:6      | Noticed a cyclops
  8862 | D:7      | Learned a level 2 spell: Swiftness
  8917 | D:7      | Noticed Crazy Yiuf
  8954 | D:7      | Killed Crazy Yiuf
  8954 | D:7      | Reached skill level 7 in Summonings
  9186 | D:7      | Noticed Sigmund
  9300 | D:7      | Killed Sigmund
 10503 | D:8      | Reached skill level 8 in Summonings
 10520 | D:8      | Noticed an unseen horror
 10549 | D:8      | Killed an unseen horror
 10549 | D:8      | Reached XP level 10. HP: 29/74 MP: 25/25
 11042 | D:8      | Reached skill level 9 in Summonings
 11393 | D:9      | Found a staircase to the Lair.
 11459 | D:9      | Found a deep blue altar of Sif Muna.
 11479 | D:9      | Became a worshipper of Sif Muna the Loreminder
 11821 | D:9      | Reached skill level 10 in Summonings
 12328 | D:9      | Upgraded the game from 0.16-a0-4099-g0be755f to 0.16-a0-4111-gf762223
 12480 | Lair:1   | Entered Level 1 of the Lair of Beasts
 12595 | Lair:1   | Reached skill level 1 in Invocations
 12859 | Lair:1   | Reached XP level 11. HP: 58/80 MP: 25/27
 12870 | Lair:1   | Acquired Sif Muna's first power
 13158 | Lair:1   | Noticed a spiny frog
 13167 | Lair:1   | Killed a spiny frog
 13375 | Lair:1   | Got an encrusted rapier
 13376 | Lair:1   | Identified the cursed -2 rapier "Giuwkics" {pierce, rN++ MR- Str+3} (You found it on level 1 of the Lair of Beasts)
 13452 | Lair:1   | Learned a level 4 spell: Iskenderun's Mystic Blast
 13597 | Lair:1   | Noticed dadoka's ghost (experienced DsFi)
 13665 | Lair:1   | Killed dadoka's ghost
 13903 | Lair:1   | Reached skill level 5 in Invocations
 14350 | Lair:2   | Reached skill level 1 in Evocations
 14454 | Lair:2   | Learned a level 2 spell: Slow
 14676 | Lair:2   | Reached skill level 1 in Hexes
 15078 | Lair:3   | Noticed a griffon
 15092 | Lair:3   | Killed a griffon
 15275 | Lair:3   | Noticed an eight-headed hydra
 15279 | Lair:3   | Killed an eight-headed hydra
 15336 | Lair:3   | Found a frozen archway.
 15347 | IceCv    | Entered an ice cave
 15353 | IceCv    | Reached skill level 5 in Evocations
 15374 | IceCv    | Reached skill level 5 in Hexes
 15407 | IceCv    | Acquired Sif Muna's second power
 15581 | IceCv    | Noticed an ice statue
 16043 | IceCv    | Killed an ice statue
 16043 | IceCv    | Reached XP level 12. HP: 54/86 MP: 16/27
 16137 | IceCv    | Got a fine buckler
 16143 | IceCv    | Identified the +2 buckler of Polytheism {rN+ Str+3 SInv} (You found it in an ice cave)
 16180 | IceCv    | Reached skill level 1 in Shields
 16835 | IceCv    | Noticed a death yak
 16882 | IceCv    | Killed a death yak
 17187 | IceCv    | Noticed a frost giant
 17315 | IceCv    | HP: 3/86 [polar bear (3)]
 17491 | IceCv    | Learned a level 3 spell: Conjure Flame
 17869 | IceCv    | Killed a frost giant
 19035 | Lair:4   | Reached XP level 13. HP: 89/91 MP: 28/28
 20042 | Lair:4   | Acquired Sif Muna's third power
 22143 | Lair:4   | Reached skill level 10 in Evocations
 22326 | Lair:5   | Found a staircase to the Snake Pit.
 22376 | Lair:5   | Learned a level 2 spell: Shroud of Golubria
 22702 | Lair:5   | Reached skill level 10 in Hexes
 22752 | Lair:5   | Reached skill level 1 in Translocations
 23637 | Lair:6   | Found a staircase to the Swamp.
 23914 | Lair:6   | Learned a level 6 spell: Invisibility
 23921 | Lair:6   | Learned a level 4 spell: Passage of Golubria
 24164 | Lair:7   | Noticed Rupert
 24166 | Lair:7   | Reached skill level 1 in Charms
 24166 | Lair:7   | Reached XP level 14. HP: 45/98 MP: 16/31
 24580 | Lair:7   | HP: 4/98 [Rupert/great mace of holy wrath (33)]
 24585 | Lair:7   | HP: 1/98 [Rupert/great mace of holy wrath (7)]
 24586 | Lair:7   | Engulfed by a cloud of noxious fumes

Action                   |  1- 3 |  4- 6 |  7- 9 | 10-12 | 13-15 || total
-------------------------+-------+-------+-------+-------+-------++-------
Melee: Spear             |    62 |    76 |       |       |       ||   138
       Trident           |       |    19 |    23 |       |       ||    42
       Mace              |       |     7 |   153 |   535 |   123 ||   818
       Flail             |       |       |     4 |       |       ||     4
       Scythe            |       |       |       |    11 |       ||    11
       Staff             |       |       |       |       |    31 ||    31
       Glaive            |       |       |       |       |     3 ||     3
 Cast: Magic Dart        |    34 |    57 |    44 |   116 |    55 ||   306
       Call Imp          |    15 |    48 |    96 |   148 |    14 ||   321
       Repel Missiles    |       |     1 |     1 |       |       ||     2
       Mephitic Cloud    |       |       |     4 |    35 |     4 ||    43
       Iskenderun's Myst |       |       |       |    47 |   224 ||   271
       Conjure Flame     |       |       |       |    11 |       ||    11
       Swiftness         |       |       |       |       |     1 ||     1
       Invisibility      |       |       |       |       |     4 ||     4
       Shroud of Golubri |       |       |       |       |     1 ||     1
Invok: Channel Energy    |       |       |       |       |     1 ||     1
       Forget Spell      |       |       |       |       |     1 ||     1
 Abil: Dig               |       |     1 |     2 |     5 |     1 ||     9
       Evoke Flight      |       |       |       |     3 |       ||     3
Evoke: Wand              |       |       |       |     8 |     3 ||    11
  Use: Scroll            |       |    14 |     2 |    16 |     3 ||    35
       Potion            |       |     1 |     2 |     7 |     1 ||    11
 Stab: Sleeping          |       |     1 |     4 |       |       ||     5
       Distracted        |       |     1 |       |     2 |       ||     3
       Confused          |       |       |     3 |     6 |       ||     9
  Eat: Chunk             |     3 |    12 |    15 |    14 |    16 ||    60
       Pizza             |       |     1 |       |       |     2 ||     3
       Fruit             |       |       |     1 |       |     2 ||     3
       Beef jerky        |       |       |       |     2 |       ||     2
       Meat ration       |       |       |       |     3 |     1 ||     4
       Bread ration      |       |       |       |     1 |     1 ||     2
